Map: Ice and Chrome LE

Players

Stats - Winner!

  • Race: Protoss Protoss
  • Spawn Location: 1:00

ShoWTimE

  • Race: Protoss Protoss
  • Spawn Location: 7:00

Event: StayAtHomestory Cup #2

VOD

Have the link to the VOD?

Description

Time

  • Played on: June 13, 2020, 9:56 a.m.
  • Length: 11:34

All games in this series

Show
View Real Time Build Order
Export as new Build Order

Stats Protoss - Winner!

Build Orders: Phoenix Opening 

Get SALT Encoding   

  12  0:01  Probe  
  13  0:13  Probe  
  14  0:20  Pylon  
  14  0:25  Probe  
  15  0:34  Probe  
  15  0:38  Gateway  
  15  0:42  Probe  
  16  0:48  Assimilator  
  17  0:53  Probe  
  17  0:56  Assimilator  
  18  1:01  Probe  
  18  1:07  Gateway  
  18  1:09  Probe  
  20  1:19  Probe  
  21  1:26  Cybernetics Core  
  21  1:31  Probe  
  22  1:38  Pylon  
  22  1:43  Probe  
  23  1:56  Probe  
  24  2:02  Stalker x2  
  24  2:03  Warp Gate  
  24  2:08  Probe  
  29  2:11  Pylon  
  29  2:32  Stalker x2  
  33  2:52  Nexus  
  33  3:00  Pylon  
  33  3:05  Sentry x2  
  37  3:07  Probe  
  38  3:19  Probe  
  39  3:23  Forge  
  39  3:31  Probe  
  39  3:34  Shield Battery  
  40  3:39  Phoenix  
  40  3:40  Probe  
  40  3:45  Twilight Council, Protoss Ground Weapons Level 1  
  40  3:48  Probe  
  41  3:51  Sentry  
  44  3:56  Probe  
  44  4:00  Probe  
  44  4:01  Blink  
  45  4:05  Probe  
  45  4:09  Probe  
  47  4:13  Probe  
  49  4:19  Probe  
  49  4:24  Probe  
  50  4:28  Pylon  
  50  4:29  Assimilator  
  50  4:31  Probe  
  52  4:36  Probe  
  53  4:40  Phoenix  
  53  4:43  Probe, Gateway x2  
  54  4:48  Probe  
  55  4:57  Probe  
  56  5:01  Nexus  
  56  5:02  Pylon  
  56  5:11  Stalker x2  
  60  5:19  Gateway  
  60  5:21  Pylon  
  60  5:22  Probe x2  
  62  5:37  Probe x2  
  62  5:39  Stalker x2  
  62  5:40  Stalker x2  
  62  5:42  Phoenix  
  72  5:46  Protoss Ground Weapons Level 2  
  72  5:49  Probe x2  
  74  5:51  Pylon  
  74  5:53  Pylon  
  74  6:03  Stalker x2  
  74  6:04  Stalker  
  80  6:06  Stalker  
  80  6:10  Probe  
  80  6:11  Probe  
  84  6:17  Charge  
  72  6:33  Zealot, Stalker x3  
  72  6:35  Stalker  
  78  6:43  Probe x2  
  78  6:44  Probe  
  78  6:46  Robotics Facility  
  81  6:49  Gateway  
  81  6:51  Gateway  
  81  6:52  Gateway  
  81  7:02  Photon Cannon  
  81  7:11  Zealot  
  81  7:12  Zealot x4  
  89  7:28  Gateway  
  89  7:29  Observer, Templar Archives  
  89  7:31  Gateway  
  89  7:33  Sentry, Zealot x4  
  100  7:41  Assimilator  
  100  7:42  Warp Prism, Pylon  
  100  7:43  Probe x3  
  103  7:57  Probe x3  
  103  7:58  Zealot x4  
  116  8:13  High Templar x2, Assimilator  
  116  8:14  Zealot x2  
  116  8:18  Archon  
  124  8:29  Pylon  
  124  8:30  Pylon  
  124  8:32  Pylon  
  124  8:34  Pylon  
  124  8:52  Zealot x5  
  124  8:53  Zealot  
  112  8:58  Zealot x4  
  90  9:15  High Templar x4  
  90  9:16  Zealot x2  
  88  9:17  Immortal  
  88  9:19  Zealot x4  
  88  9:20  Archon x2  
  98  9:33  Assimilator  
  98  9:40  Zealot x6  
  110  9:48  High Templar x2  
  110  9:49  Zealot x2  
  110  9:52  Archon  
  118  10:01  Photon Cannon  
  118  10:03  Zealot x6  
  130  10:10  Zealot x2  
  130  10:14  Pylon  
  134  10:15  Pylon  
  134  10:26  Zealot x5  
  134  10:27  Zealot x3  
  150  10:33  Zealot x2  
Show
View Real Time Build Order
Export as new Build Order

ShoWTimE Protoss 

Build Orders: Phoenix Opening, Archon Immortal 

Get SALT Encoding   

  12  0:00  Probe  
  13  0:12  Probe  
  14  0:17  Pylon  
  14  0:24  Probe  
  15  0:32  Probe  
  15  0:37  Gateway  
  15  0:40  Probe  
  16  0:46  Assimilator  
  17  0:51  Probe  
  17  0:54  Assimilator  
  18  0:59  Probe  
  19  1:07  Probe  
  19  1:08  Gateway  
  19  1:17  Probe  
  20  1:25  Cybernetics Core  
  21  1:29  Probe  
  22  1:36  Pylon  
  22  1:41  Probe  
  24  1:54  Probe  
  26  2:01  Sentry, Stalker  
  26  2:04  Warp Gate  
  26  2:07  Probe  
  29  2:12  Pylon  
  29  2:25  Pylon  
  31  2:34  Phoenix  
  31  2:35  Stalker  
  31  2:36  Sentry  
  33  2:46  Nexus  
  33  2:49  Probe  
  34  2:54  Shield Battery  
  34  3:01  Probe  
  34  3:03  Sentry  
  37  3:10  Pylon  
  37  3:11  Probe  
  37  3:19  Probe  
  38  3:25  Phoenix  
  39  3:27  Probe  
  39  3:31  Forge  
  40  3:38  Robotics Facility  
  40  3:40  Probe  
  41  3:48  Probe  
  41  3:53  Protoss Ground Weapons Level 1  
  41  3:55  Probe  
  42  3:56  Probe  
  44  4:03  Probe  
  44  4:04  Phoenix  
  44  4:06  Probe  
  46  4:13  Probe  
  46  4:15  Probe  
  47  4:23  Probe  
  48  4:25  Probe  
  48  4:26  Observer  
  48  4:29  Assimilator  
  51  4:31  Assimilator  
  51  4:32  Probe  
  51  4:35  Twilight Council, Phoenix  
  51  4:37  Probe  
  53  4:44  Probe  
  54  4:46  Immortal, Pylon  
  54  4:49  Probe  
  59  5:00  Probe  
  59  5:05  Gateway  
  59  5:06  Gateway  
  60  5:13  Charge  
  60  5:16  Immortal  
  60  5:19  Pylon  
  60  5:26  Stalker  
  60  5:27  Zealot  
  68  5:28  Probe, Phoenix  
  69  5:38  Nexus  
  69  5:41  Pylon  
  69  5:42  Probe x2  
  71  5:53  Protoss Ground Weapons Level 2  
  71  5:54  Templar Archives  
  71  5:55  Warp Prism  
  71  5:56  Probe x2  
  75  6:03  Gateway  
  75  6:09  Probe x2  
  77  6:13  Gateway  
  77  6:21  Probe x2  
  77  6:25  Stalker x2  
  77  6:29  Stalker  
  71  6:33  Immortal, Stalker  
  67  6:48  Zealot x2  
  67  6:53  Pylon  
  71  6:55  Zealot  
  71  7:01  Zealot x2  
  71  7:02  Immortal  
  73  7:09  Zealot x2  
  77  7:16  Zealot x2  
  77  7:22  Zealot x2  
  74  7:30  High Templar x2  
  74  7:35  Archon  
  78  7:39  High Templar x2  
  82  7:44  Archon  
  82  7:48  Pylon  
  80  7:53  Nexus  
  80  7:55  Immortal, Pylon  
  82  8:00  Protoss Shields Level 1  
  82  8:02  Observer, Gateway  
  82  8:05  Gateway  
  82  8:08  Pylon  
  82  8:13  Sentry  
  82  8:14  High Templar x2  
  82  8:15  Zealot x2  
  82  8:18  Zealot  
  82  8:19  Archon  
  94  8:22  Probe  
  94  8:23  Probe  
  96  8:36  Shield Battery  
  96  8:37  Probe  
  96  8:41  Sentry x3  
  97  8:43  Zealot  
  103  8:48  Pylon  
  103  8:53  Zealot  
  99  8:57  Zealot x2  
  87  9:07  Zealot x2  
  71  9:10  Zealot  
  71  9:14  High Templar x2  
  71  9:15  Warp Prism  
  71  9:16  Probe x2  
  70  9:18  Archon  
  70  9:30  Probe x2  
  74  9:32  Probe  
  74  9:36  High Templar x2  
  79  9:40  Archon  
  79  9:41  Zealot  
  79  9:44  Pylon  
  81  9:51  Zealot  
  81  9:52  Zealot  
  85  9:54  Zealot  
  87  10:02  High Templar x2, Pylon  
  87  10:03  Zealot  
  87  10:07  Archon  
  93  10:08  Zealot x2  
  97  10:14  Zealot x2  
  101  10:22  Zealot  
  101  10:35  Zealot x4  
  100  10:36  Zealot x2  
  100  10:40  Zealot  
Tags
 
Add a new tag
Caveats
  • Supply blocks, unpowered buildings, or Contaminate may cause inaccurate times.
  • Supply counts are checked every 10 seconds.